 Dungeon Crawl Stone Soup version 0.19.0-2-gae57169 (webtiles) character file.

10304 Chiseanne the Nimble (level 11, 0/112 HPs)
             Began as an Octopode Warper on Nov 5, 2016.
             Was an Elder of Dithmenos.
             Succumbed to a spiny frog's poison
             ... on level 2 of the Lair of Beasts.
             The game lasted 00:48:58 (14611 turns).

Chiseanne the Nimble (Octopode Warper)             Turns: 14611, Time: 00:48:59

Health: 0/112      AC: 25    Str: 11    XL:     11   Next: 60%
Magic:  4/23       EV:  2    Int: 15    God:    Dithmenos [****..]
Gold:   412        SH:  0    Dex: 15    Spells: 6 memorised, 11 levels left

rFire  . . .     SeeInvis .     a - +2 dagger (venom)
rCold  . . .     Gourm    .     (no shield)
rNeg   + + +     Faith    .     (helmet currently unavailable)
rPois  +         Spirit   .     (no amulet)
rElec  .         Reflect  .     (no ring)
rCorr  .         Harm     .     (no ring)
MR     .....     NoTele   +     (no ring)
Stlth  +++++.....               (no ring)
                                (no ring)
                                (no ring)
                                (no ring)
                                (no ring)

@: lethally poisoned (0 -> -12), tree-form, very slightly contaminated, wreathed
by umbra, repel missiles
A: almost no armour, stealthy swim, (amphibious), 8 rings, (constrict 8),
(camouflage 0), (gelatinous body 0)
a: Shadow Step, Renounce Religion


You were on level 2 of the Lair of Beasts.
You worshipped Dithmenos.
Dithmenos was greatly pleased with you.
You were not hungry.
You were a tree.
You visited 3 branches of the dungeon, and saw 12 of its levels.

You collected 412 gold pieces.

Inventory:

Hand Weapons
 a - a +2 dagger of venom (weapon)
 d - a +0 short sword of protection
 s - a +2 war axe of chopping
 K - a +1 short sword of speed
Missiles
 e - 304 stones (quivered)
 h - 29 bolts
 j - 4 needles of paralysis
 l - 93 sling bullets
 r - 104 arrows
 t - 2 needles of confusion
 v - 3 tomahawks
 A - 8 tomahawks of dispersal
 F - 2 exploding tomahawks
 L - 5 steel tomahawks
 O - 14 poisoned needles
 Q - a throwing net
Jewellery
 k - an uncursed ring of fire
Wands
 g - a wand of paralysis (0/24)
 o - a wand of lightning (0/15)
 H - a wand of confusion (7/48)
 M - a wand of polymorph (6/24)
Scrolls
 c - a scroll of blinking
 i - 5 scrolls of remove curse
 p - 3 scrolls of fear
 q - 2 scrolls of recharging
 y - 3 scrolls of amnesia
 D - a scroll of teleportation
 N - a scroll of identify
Potions
 u - 2 potions of invisibility
 z - 2 potions of agility
 C - a potion of might
 G - 2 potions of haste
 P - a potion of ambrosia {unknown}
Books
 b - a book of Spatial Translocations

   Spells                             Type                      Level
   a - Blink                          Translocation                2
   b - Shroud of Golubria             Charms/Translocation         2
   c - Lesser Beckoning               Translocation                3
   d - Portal Projectile              Translocation                3
   e - Teleport Other                 Translocation                3
   f - Passage of Golubria            Translocation                4
 I - a book of Misfortune

   Spells                             Type                      Level
   a - Confusing Touch                Hexes                        1
   b - Confuse                        Hexes                        3
   c - Gell's Gravitas                Hexes/Translocation          3
   d - Petrify                        Transmutation/Earth          4
   e - Metabolic Englaciation         Hexes/Ice                    5
   f - Yara's Violent Unravelling     Hexes/Transmutation          5
 J - a book of Air

   Spells                             Type                      Level
   a - Shock                          Conjuration/Air              1
   b - Swiftness                      Charms/Air                   2
   c - Repel Missiles                 Charms/Air                   2
   d - Static Discharge               Conjuration/Air              3
   e - Lightning Bolt                 Conjuration/Air              5
Comestibles
 f - 5 bread rations
 w - 2 beef jerkies
 B - 3 meat rations
 E - 27 fruits


   Skills:
 - Level 7.0 Fighting
 - Level 3.1 Short Blades
 - Level 2.0 Axes
 - Level 1.0 Throwing
 * Level 9.2 Dodging
 - Level 6.9 Stealth
 * Level 8.6 Spellcasting
 * Level 4.4 Hexes
 - Level 7.0 Translocations
 - Level 4.9 Invocations


You had 11 spell levels left.
You knew the following spells:

 Your Spells              Type           Power        Failure   Level  Hunger
a - Shroud of Golubria    Chrm/Tloc      ###.......   4%          2    None
b - Blink                 Tloc           N/A          1%          2    None
c - Lesser Beckoning      Tloc           ####......   1%          3    #......
d - Passage of Golubria   Tloc           N/A          8%          4    ###....
e - Confuse               Hex            ###.....     6%          3    #......
f - Repel Missiles        Chrm/Air       #.....       17%         2    None


Dungeon Overview and Level Annotations

Branches:
Dungeon (9/15)             Temple (0/1) D:5            Lair (2/6) D:9
  Snake (0/4) Lair:2          Orc (1/2) D:9
  Swamp: Lair:2-4    Shoals: Lair:2-4

Altars:
Ashenzari
Cheibriados
Dithmenos
Elyvilon
Fedhas
Hepliaklqana
Kikubaaqudgha
Nemelex Xobeh
Okawaru
Qazlal
Sif Muna
Trog
Yredelemnul
The Shining One

Shops:
Orc:1 ?

Annotations:
D:3 MovingMist's ghost, amateur GrFi


Innate Abilities, Weirdness & Mutations

You cannot wear most types of armour.
You are very stealthy in the water. (Stealth+)
((You are amphibious.))
You can wear up to eight rings at the same time.
((You can use your tentacles to constrict eight enemies at once.))
((Your skin changes colour to match your surroundings (Stealth+).))
((Your rubbery body absorbs attacks. (AC +1, EV +1)))


Message History

The spiny frog stings you but does no damage.
The spiny frog stings you.
* * * LOW HITPOINT WARNING * * *
You are lethally poisoned!
The spiny frog poisons you!
Evoke which item? (* to show all) (? for menu, Esc to quit)
Zapping:
g - a wand of paralysis {zapped: 8} (will waste charges)
Press: ? - help, Shift-Dir - straight line, f/p - crocodile
Aim: a crocodile (almost dead, poisoned, umbra, chance to defeat MR: 46%) Nothing appears to happen.
* * * LOW HITPOINT WARNING * * *
You feel sick.
You kill the crocodile!
Dithmenos accepts your kill. The spiny frog stings you.
* * * LOW HITPOINT WARNING * * *
The spiny frog stings you but does no damage.
You hit the spiny frog.
The spiny frog is almost dead.
You die...

...............#...........
.......>.#.##..............
..........................
#.......⌠.....P.#.......≈
.#..#......#.####P.≈≈≈≈≈
#.#.... #...# ##.≈≈≈≈≈
.......##..## #.≈≈≈≈≈
.⌠....#F....# #.≈≈≈..
....#.♣...#######.≈≈≈.<
...⌠..F.......##...≈≈≈≈.
......#............≈≈≈≈≈
.⌠.....##..##P#.#..≈≈≈≈≈
.........######......≈≈≈
.##.#.... #..<...≈..
...#.... #....#....
.....##. ##...##... .... ##
##..##...


You could see 2 spiny frogs.

Vanquished Creatures
  Erolcha (Orc:1)
  2 black mambas (Lair:2)
  5 spiny frogs
  2 komodo dragons
  A troll (D:9)
  2 hippogriffs
  A two-headed ogre (D:9)
  A basilisk (Lair:1)
  Eustachio (D:6)
  A steam dragon (Lair:2)
  10 water moccasins
  A sky beast (D:6)
  4 orc warriors
  3 ogres
  A phantom (D:6)
  4 wolves (Lair:2)
  4 centaurs
  2 crocodiles
  A big kobold (D:9)
  6 bullfrogs
  6 scorpions
  7 wights
  3 electric eels (Lair:1)
  5 howler monkeys (D:7)
  6 crimson imps
  3 jellies
  4 hounds
  14 orc wizards
  A quasit (D:6)
  14 orc priests
  2 bullfrog skeletons
  An iguana (D:4)
  8 worker ants
  A hound zombie (D:7)
  11 adders
  An adder skeleton (D:9)
  4 worms
  A dart slug (D:4)
  8 leopard geckos
  56 orcs
  3 giant cockroaches
  9 goblins
  5 hobgoblins
  18 jackals
  9 kobolds
  9 quokkas
  A ball python (D:2)
  8 bats
  5 frilled lizards
  A jackal zombie (D:7)
  A leopard gecko skeleton (D:5)
  2 quokka skeletons
  A quokka zombie (D:7)
  17 rats
  5 fungi (D:3)
303 creatures vanquished.

Vanquished Creatures (others)
  A human (D:4)
  2 fungi (Lair:2)
  A plant (Lair:2)
4 creatures vanquished.

Grand Total: 307 creatures vanquished

Notes
Turn   | Place    | Note
-------+----------+-------------------------------------------
     0 | D:1      | Chiseanne the Octopode Warper began the quest for the Orb.
     0 | D:1      | Reached XP level 1. HP: 14/14 MP: 3/3
    73 | D:1      | Reached XP level 2. HP: 15/20 MP: 5/5
   261 | D:1      | Learned a level 2 spell: Shroud of Golubria
   264 | D:1      | Learned a level 2 spell: Blink
   443 | D:1      | Reached XP level 3. HP: 19/25 MP: 6/6
  1191 | D:2      | Reached skill level 3 in Dodging
  1194 | D:2      | Reached XP level 4. HP: 31/31 MP: 6/8
  2385 | D:3      | Noticed MovingMist's ghost (amateur GrFi)
  2664 | D:3      | Reached XP level 5. HP: 16/36 MP: 9/9
  2997 | D:3      | Found a shadowy altar of Dithmenos.
  3096 | D:3      | Became a worshipper of Dithmenos the Shadowed
  3176 | D:3      | Found a blossoming altar of Fedhas.
  3176 | D:3      | Noticed a centaur
  3197 | D:3      | Killed a centaur
  3598 | D:4      | Found an ancient bone altar of Kikubaaqudgha.
  3604 | D:4      | Reached XP level 6. HP: 33/43 MP: 11/11
  3607 | D:4      | Reached skill level 4 in Dodging
  4200 | D:4      | Reached skill level 1 in Stealth
  4424 | D:4      | Noticed a human
  4425 | D:4      | Killed a human
  4561 | D:5      | Entered Level 5 of the Dungeon
  4692 | D:5      | Found a hazy altar of Hepliaklqana.
  4692 | D:5      | Found a bloodstained altar of Trog.
  4697 | D:5      | Found a sparkling altar of Nemelex Xobeh.
  4699 | D:5      | Found a shattered altar of Ashenzari.
  4701 | D:5      | Found a stormy altar of Qazlal.
  4850 | D:5      | Learned a level 3 spell: Lesser Beckoning
  4855 | D:5      | Learned a level 4 spell: Passage of Golubria
  4885 | D:5      | Reached XP level 7. HP: 33/49 MP: 13/13
  5237 | D:5      | Found a white marble altar of Elyvilon.
  5300 | D:5      | Found a basalt altar of Yredelemnul.
  5366 | D:5      | Found a white marble altar of Elyvilon.
  5468 | D:5      | HP: 2/49 [ogre/giant club (15)]
  5844 | D:5      | Found a staircase to the Ecumenical Temple.
  5971 | D:6      | Reached skill level 1 in Short Blades
  6078 | D:6      | Reached * piety under Dithmenos
  6259 | D:6      | Reached XP level 8. HP: 50/54 MP: 14/14
  6265 | D:6      | Reached skill level 5 in Dodging
  6547 | D:6      | Noticed Eustachio
  6562 | D:6      | Killed Eustachio
  6562 | D:6      | Reached skill level 5 in Stealth
  6642 | D:6      | Reached skill level 5 in Spellcasting
  7333 | D:6      | Reached XP level 9. HP: 59/59 MP: 16/16
  7403 | D:6      | Reached skill level 5 in Translocations
  7488 | D:6      | Reached skill level 6 in Dodging
  7508 | D:6      | Reached ** piety under Dithmenos
  7562 | D:7      | Found a glowing golden altar of the Shining One.
  7562 | D:7      | Found a snail-covered altar of Cheibriados.
  7828 | D:7      | Reached skill level 5 in Fighting
  8027 | D:7      | Found an iron altar of Okawaru.
  8219 | D:7      | Reached skill level 1 in Invocations
  9717 | D:9      | Reached XP level 10. HP: 36/68 MP: 19/19
  9910 | D:9      | Reached *** piety under Dithmenos
 10302 | D:9      | Reached skill level 7 in Dodging
 10316 | D:9      | Found a staircase to the Lair.
 10761 | D:9      | Noticed a cyan ugly thing
 10962 | D:9      | Found a staircase to the Orcish Mines.
 11036 | D:9      | Found a deep blue altar of Sif Muna.
 11442 | D:9      | Reached **** piety under Dithmenos
 11815 | Orc:1    | Entered Level 1 of the Orcish Mines
 11815 | Orc:1    | Noticed Erolcha
 11815 | Orc:1    | Noticed an orc high priest
 11816 | Orc:1    | Found Rat Homp's Magic Scroll Shoppe.
 11819 | Orc:1    | Killed Erolcha
 12124 | Lair:1   | Entered Level 1 of the Lair of Beasts
 12124 | Lair:1   | Noticed a spiny frog
 12128 | Lair:1   | Killed a spiny frog
 12138 | Lair:1   | Learned a level 3 spell: Confuse
 12148 | Lair:1   | Learned a level 2 spell: Repel Missiles
 12473 | Lair:1   | Reached skill level 1 in Hexes
 12480 | Lair:1   | Reached skill level 8 in Dodging
 12508 | Lair:1   | Reached XP level 11. HP: 57/75 MP: 22/22
 13334 | Lair:2   | Found a staircase to the Snake Pit.
 13946 | Lair:2   | Reached skill level 9 in Dodging
 14610 | Lair:2   | HP: 2/112 [spiny frog (5)]
 14611 | Lair:2   | Succumbed to a spiny frog's poison

Skill      XL: |  1  2  3  4  5  6  7  8  9 10 11 |
---------------+----------------------------------+-----
Dodging        | 3 4 5 6 8 9 |  9.2
Fighting       | 3 4 6 7 |  7.0
Spellcasting   | 3 4 5 6 7 8 |  8.6
Stealth        | 2 3 6 |  6.9
Short Blades   | 1 3 |  3.1
Translocations | 4 6 7 |  7.0
Invocations    | 2 4 |  4.9
Hexes          | 1 4 |  4.4
Axes           | |  2.0
Throwing       | |  1.0

Action                   |  1- 3 |  4- 6 |  7- 9 | 10-12 || total
-------------------------+-------+-------+-------+-------++-------
Melee: Hand axe          |    71 |   119 |       |       ||   190
       Constrict         |    19 |    41 |    58 |    73 ||   191
       Tentacles         |    10 |    29 |    59 |    83 ||   181
       Short sword       |       |    39 |   136 |    48 ||   223
       Dagger            |       |       |   118 |   252 ||   370
       War axe           |       |       |    24 |     1 ||    25
Throw: Tomahawk          |       |       |     1 |       ||     1
       Stone             |       |       |       |     1 ||     1
 Cast: Repel Missiles    |       |       |       |     1 ||     1
       Confuse           |       |       |       |    25 ||    25
Invok: Shadow Step       |       |       |       |     2 ||     2
Evoke: Wand              |       |       |     4 |    10 ||    14
  Use: Scroll            |     5 |     7 |     6 |     6 ||    24
       Potion            |       |       |     3 |    13 ||    16
 Stab: Sleeping          |     4 |    14 |    10 |    15 ||    43
       Distracted        |       |     2 |     1 |     1 ||     4
       Paralysed         |       |       |       |     3 ||     3
       Confused          |       |       |       |     9 ||     9
  Eat: Chunk             |     1 |    10 |    15 |    14 ||    40
       Beef jerky        |       |       |     1 |       ||     1
       Pizza             |       |       |       |     1 ||     1
       Fruit             |       |       |       |     1 ||     1
Armor: Skin              |     5 |    10 |     9 |    15 ||    39
Dodge: Dodged            |    57 |   123 |   276 |   320 ||   776
